 Dungeon Crawl Stone Soup version 0.22.0-38-g04b72b8c25 (webtiles) character file.

31 Esekla the Conjurer (level 3, 0/18 HPs)
             Began as a Vine Stalker Conjurer on Aug 26, 2018.
             Slain by an adder (1 damage)
             ... on level 2 of the Dungeon.
             The game lasted 00:09:39 (855 turns).

Esekla the Conjurer (Vine Stalker Conjurer)          Turns: 855, Time: 00:09:39

Health: 0/18       AC:  3    Str: 10    XL:     3   Next: 22%
Magic:  0/7        EV: 12    Int: 15    God:
Gold:   53         SH:  0    Dex: 15    Spells: 3/6 levels left

rFire    . . .     SeeInvis .   h - +2 dagger (speed)
rCold    + . .     Gourm    .   (no shield)
rNeg     . . .     Faith    .   a - +0 robe
rPois    .         Spirit   +   (no helmet)
rElec    .         Reflect  .   (no cloak)
rCorr    .         Harm     .   (no gloves)
MR       .....                  j - +0 pair of boots
Stlth    ++........             (no amulet)
HPRegen  0.06/turn              l - ring of protection from cold
MPRegen  0.10/turn              (no ring)

@: no status effects
A: fangs 2, magic shield, antimagic bite, no potion heal 3, rot immunity
a: no special abilities


You were on level 2 of the Dungeon.
You were not hungry.

You visited 1 branch of the dungeon, and saw 2 of its levels.

You collected 53 gold pieces.

Inventory:

Hand Weapons
 e - a +0 short sword
 h - a +2 dagger of speed (weapon)
Armour
 a - a +0 robe (worn)
 i - a +0 buckler
 j - a +0 pair of boots (worn)
Jewellery
 l - a ring of protection from cold (left hand)
Scrolls
 d - 2 scrolls of identify
 f - a scroll of noise {unknown}
 g - a scroll of amnesia
 k - a scroll of fog {unknown}
Comestibles
 c - 6 rations


   Skills:
 * Level 1.9 Fighting
 * Level 1.3 Short Blades
 - Level 1.5 Dodging
 - Level 2.4 Stealth
 - Level 2.1 Spellcasting
 - Level 4.0 Conjurations


You had 3 spell levels left.
You knew the following spells:

 Your Spells              Type           Power        Failure   Level  Hunger
a - Magic Dart            Conj           ##..         4%          1    #......
b - Searing Ray           Conj           ##....       6%          2    ###....

Your spell library contained the following spells:

 Spells                   Type           Power        Failure   Level  Hunger
 Dazzling Spray           Conj/Hex       #.....       28%         3    ###....
 Iskenderun's Mystic Bla  Conj           ##......     38%         4    #####..
 Force Lance              Conj/Tloc      #.......     67%         4    #####..
 Fulminant Prism          Conj/Hex       #.........   67%         4    #####..


Dungeon Overview and Level Annotations

Branches:
Dungeon (2/15)

Altars:
Nemelex Xobeh

Annotations:
D:2 Sigmund


Innate Abilities, Weirdness & Mutations

You have extremely sharp teeth.
When hurt, damage is shared between your health and your magic reserves.
Your bite disrupts and absorbs the magic of your enemies.
Potions cannot restore your health.
You are immune to rotting.


Message History

As you read the scroll labeled GIADUIRPHAA, it crumbles to dust.
It is a scroll of identify.
g - a scroll of amnesia The adder misses you.
You hit the adder but do no damage. You bite the adder, but do no damage.
The adder bites you.
Sigmund mumbles some strange words.
Sigmund flickers and vanishes!
Deactivating autopickup; reactivate with Ctrl-A.
The adder barely misses you. The adder bites you.
* * * LOW HITPOINT WARNING * * *
The adder bites you.
You see here a robe.
As you read the scroll labeled YDUUFAIXEAW, it crumbles to dust.
You feel blessed for a moment.
It was a scroll of remove curse.
The adder barely misses you. The adder bites you but does no damage.
The adder bites you.
You die...

#.### ####.####
#(# #... .#.#
#.# ######.#
.... ..#
#......# .#.#
###
#.####[###.#.#
#####.#
#.....#.#
......#
###@#.#.#
####..# #.#.#.#
#### #.#.#@# #
#@#.#S####.##
#.#..........
#.†........##
######.#.######
#........#####
...####....[..#
#.#####.# #.#
#.#####.#


You could see an adder.

Vanquished Creatures
  An ooze (D:1)
  A dart slug (D:2)
  3 leopard geckos
  7 bats (D:1)
  A hobgoblin (D:1)
  A frilled lizard (D:2)
  3 goblins
  5 kobolds
  A rat (D:1)
23 creatures vanquished.

Notes
Turn   | Place    | Note
-------+----------+-------------------------------------------
     0 | D:1      | Esekla the Vine Stalker Conjurer began the quest for the Orb.
     0 | D:1      | Reached XP level 1. HP: 9/9 MP: 4/4
   158 | D:1      | Reached skill level 1 in Fighting
   230 | D:1      | Reached XP level 2. HP: 5/14 MP: 4/6
   376 | D:1      | Learned a level 2 spell: Searing Ray
   490 | D:1      | Reached skill level 1 in Short Blades
   743 | D:2      | Found a sparkling altar of Nemelex Xobeh.
   747 | D:2      | Reached XP level 3. HP: 18/18 MP: 7/7
   819 | D:2      | Noticed Sigmund
   855 | D:2      | Slain by an adder

Skill      XL: |  1  2 |
---------------+-------+-----
Fighting       | 1 |  1.9
Short Blades   | 1 |  1.3
Dodging        | |  1.5
Stealth        | |  2.4
Spellcasting   | |  2.1
Conjurations   | |  4.0

Action                   || total
-------------------------++-------
Melee: Short sword       ||     4
       Dagger            ||    40
       Bite              ||     9
 Cast: Magic Dart        ||    17
       Searing Ray       ||     2
  Use: Scroll            ||     2
 Stab: Sleeping          ||     5
Armor: Robe              ||     7
Dodge: Dodged            ||    29
